 Dungeon Crawl Stone Soup version 0.29.0-4-gdea44cf6ec (webtiles) character file.

Game seed: 1075424623732570725

299 qw the Sneak (level 6, -8/38 HPs)
             Began as a Gargoyle Delver on Sept 10, 2022.
             Mangled by an ogre
             ... wielding a +0 giant club
              (13 damage)
             ... on level 4 of the Dungeon.
             The game lasted 00:01:52 (5901 turns).

qw the Sneak (Gargoyle Delver)                      Turns: 5901, Time: 00:01:53

Health: -8/38      AC: 15    Str: 17    XL:     6   Next: 36%
Magic:  6/6        EV:  7    Int: 11    God:
Gold:   220        SH:  0    Dex: 11    Spells: 5/5 levels left

rFire   . . .      SeeInvis .   Y - +0 broad axe (venom)
rCold   . . .      Faith    .   (no shield)
rNeg    + . .      Spirit   .   h - +0 chain mail
rPois   inf        Reflect  .   a - +0 helmet
rElec   +          Harm     .   (no cloak)
rCorr   .          Rampage  .   c - +0 pair of gloves
Will    .....                   (no boots)
Stlth   ..........              (no amulet)
HPRegen 0.12/turn               (no ring)
MPRegen 0.10/turn               (no ring)

@: no status effects
A: sickness immunity, AC +4, negative energy resistance 1, electricity
resistance, torment resistance 1, petrification resistance
a: no special abilities


You were on level 4 of the Dungeon.
You visited 1 branch of the dungeon, and saw 5 of its levels.

You collected 220 gold pieces.


Innate Abilities, Weirdness & Mutations

You are immune to sickness and miasma.
Your stone body is resilient. (AC +4)
You are immune to poison.
You resist negative energy. (rN+)
You are resistant to electric shocks. (rElec)
You are resistant to unholy torment.
You are immune to petrification.


   Skills:
 + Level 3.9 Fighting
 - Level 5.0 Axes
 - Level 3.0 Armour
 - Level 1.5 Dodging
 - Level 5.4 Stealth


You had 5 spell levels left.
You didn't know any spells.
Your spell library was empty.

Inventory:

Hand Weapons
 k - a +0 flail
 Y - a +0 broad axe of venom (weapon)
Armour
 a - a +0 helmet (worn)
 c - a +0 pair of gloves (worn)
 h - a +0 chain mail (worn)
 n - a +0 ring mail
Jewellery
 e - a ring of magical power
Wands
 g - a wand of digging (3)
Scrolls
 m - a scroll of identify
Potions
 b - a potion of might
 d - 3 potions of brilliance {unknown}
 f - a potion of haste
 i - a potion of ambrosia {unknown}
 j - a potion of degeneration {unknown}
 l - 2 potions of curing

Dungeon Overview and Level Annotations

Branches:
Dungeon (5/15)
 Temple: D:4-7

Altars:


Message History

The adder bites you but does no damage.
You slash the adder!
You kill the adder!
There is a stone staircase leading down here.
An endoplasm comes into view.
5782 ||| Stepping ~*~*~tactically~*~*~ (stealth).
The endoplasm quivers.
You slash the endoplasm!
You kill the endoplasm!
You see here a scroll of noise.
l - 2 potions of curing (gained 1)
e - a ring of magical power You see here an amulet of faith.
You see here a +0 dagger.
n - a +0 ring mail
d - 3 black potions (gained 2)
Found a whip.
You see here a +0 whip.
An ogre comes into view. It is wielding a +0 giant club.
The ogre shouts!
The ogre moves out of view.
You barely miss the ogre. The ogre hits you with a +0 giant club.
You barely miss the ogre. The ogre hits you with a +0 giant club!
You slash the ogre!
The ogre is heavily wounded.
The ogre hits you with a +0 giant club!
You barely miss the ogre.
The ogre is heavily wounded.
The ogre barely misses you.
You hit the ogre but do no damage.
The ogre is poisoned.
The ogre is heavily wounded.
You barely miss the ogre.
The ogre is heavily wounded.
The ogre hits you with a +0 giant club!
You closely miss the ogre.
The ogre is heavily wounded.
The ogre hits you with a +0 giant club!
You die...

# ..# #
..# #
#..# ##
...# .##
# #...#
..## #.
... ...#
###.##O#
...#
#....@.#
...#
#####.##
..## #.#
.## #.#
#### #.#
##.# #.#
...# #.#
...# #.#
...# #.#


You could see an ogre (poisoned).

Vanquished Creatures
  A vampire bat (D:4)
  An orc priest (D:3)
  A hound (D:4)
  Ijyb (D:3)
  Robin (D:2)
  3 adders
  7 worms
  3 dart slugs (D:2)
  8 orcs (D:3)
  2 ball pythons
  11 endoplasms
  2 giant cockroaches
  17 goblins
  7 hobgoblins
  9 jackals
  A quokka (D:2)
  8 bats
  2 frilled lizards (D:2)
  10 kobolds
  4 rats
99 creatures vanquished.

Notes
Turn   | Place    | Note
-------+----------+-------------------------------------------
     0 | D:5      | qw the Gargoyle Delver began the quest for the Orb.
     0 | D:5      | Reached XP level 1. HP: 14/14 MP: 1/1
     0 | D:5      | 0 ||| qw: Version: 0.1-a-116-g5d60599
     0 | D:5      | 0 ||| qw: Game counter: 8068
     0 | D:5      | 0 ||| qw: Always use a shield: true
     0 | D:5      | 0 ||| qw: God list: Okawaru
     0 | D:5      | 0 ||| qw: Allow faded altars: false
     0 | D:5      | 0 ||| qw: Do Orc after D:15 true
     0 | D:5      | 0 ||| qw: Do second Lair branch before Depths: true
     0 | D:5      | 0 ||| qw: Lair rune preference: random
     0 | D:5      | 0 ||| qw: Plans: Normal
     0 | D:5      | 0 ||| PLANNING D:1-11
     7 | D:5      | 7 ||| DROPPING scroll of fog.
     8 | D:5      | 8 ||| DROPPING scroll of magic mapping.
     9 | D:5      | 9 ||| DROPPING scroll of fear.
    97 | D:4      | HP: 3/14 [hobgoblin (3)]
   422 | D:4      | Noticed a vampire bat
   426 | D:4      | Killed a vampire bat
   427 | D:4      | Reached skill level 3 in Axes
   427 | D:4      | Reached XP level 2. HP: 19/19 MP: 2/2
   427 | D:4      | Reached XP level 3. HP: 23/23 MP: 3/3
   595 | D:4      | Reached XP level 4. HP: 23/28 MP: 4/4
   678 | D:4      | 678 ||| DROPPING amulet of faith.
   679 | D:4      | 679 ||| READING scroll labelled JEUSTE POTE.
   680 | D:4      | 680 ||| READING scroll labelled QALESTR EDER.
   702 | D:3      | Found a faded altar of an unknown god.
   834 | D:3      | HP: 7/28 [orc/+0 whip (4)]
   840 | D:3      | HP: 6/28 [orc/+0 whip (1)]
  1370 | D:3      | 1370 ||| DROPPING +0 mace.
  1374 | D:3      | 1374 ||| Stepping ~*~*~tactically~*~*~ (hiding).
  1476 | D:3      | 1476 ||| Stepping ~*~*~tactically~*~*~ (hiding).
  1579 | D:3      | 1579 ||| Stepping ~*~*~tactically~*~*~ (hiding).
  1681 | D:3      | 1681 ||| Stepping ~*~*~tactically~*~*~ (hiding).
  1783 | D:3      | 1783 ||| Stepping ~*~*~tactically~*~*~ (hiding).
  1885 | D:3      | 1885 ||| Stepping ~*~*~tactically~*~*~ (hiding).
  2062 | D:3      | 2062 ||| UPGRADING to +0 chain mail.
  2072 | D:3      | 2072 ||| DROPPING +0 leather armour.
  2073 | D:3      | 2073 ||| READING scroll labelled ANNAURGHISEF.
  2074 | D:3      | 2074 ||| READING scroll labelled NEVO VUNUE.
  2075 | D:3      | 2075 ||| READING scroll labelled CAMEPS JUFURPH.
  2177 | D:2      | Noticed Robin
  2178 | D:2      | 2178 ||| Stepping ~*~*~tactically~*~*~ (hiding).
  2207 | D:2      | Killed Robin
  2208 | D:2      | Reached skill level 1 in Armour
  2334 | D:2      | Reached XP level 5. HP: 32/32 MP: 5/5
  2377 | D:2      | 2377 ||| Stepping ~*~*~tactically~*~*~ (stealth).
  2396 | D:2      | HP: 7/32 [jackal (3)]
  2588 | D:2      | 2588 ||| Stepping ~*~*~tactically~*~*~ (stealth).
  2883 | D:2      | 2883 ||| UPGRADING to +0 helmet.
  3393 | D:1      | 3393 ||| UPGRADING to +0 pair of gloves.
  3398 | D:1      | 3398 ||| READING scroll labelled HOHISI YTSAI.
  3399 | D:1      | 3399 ||| DRINKING 2 cyan potions.
  3453 | D:1      | 3453 ||| DROPPING potion of lignification.
  3489 | D:2      | 3489 ||| Stepping ~*~*~tactically~*~*~ (hiding).
  3498 | D:2      | 3498 ||| Stepping ~*~*~tactically~*~*~ (hiding).
  3552 | D:2      | 3552 ||| Stepping ~*~*~tactically~*~*~ (stealth).
  3553 | D:2      | 3553 ||| Stepping ~*~*~tactically~*~*~ (stealth).
  3557 | D:2      | 3557 ||| Stepping ~*~*~tactically~*~*~ (stealth).
  4473 | D:2      | 4473 ||| READING scroll labelled MAMUUNN LUTIF.
  4473 | D:2      | Identified a scroll of acquirement
  4473 | D:2      | 4473 ||| ACQUIRING +0 broad axe of venom
  4473 | D:2      | Acquired a +0 broad axe of venom
  4475 | D:2      | 4475 ||| SWAPPING to +0 broad axe of venom.
  4476 | D:2      | 4476 ||| DROPPING +0 hand axe.
  4477 | D:2      | 4477 ||| READING scroll labelled FUXKIQ ODGHUP.
  4642 | D:3      | 4642 ||| FLEEEEING.
  4643 | D:3      | 4643 ||| FLEEEEING.
  4644 | D:3      | 4644 ||| FLEEEEING.
  4645 | D:3      | 4645 ||| FLEEEEING.
  4646 | D:3      | 4646 ||| FLEEEEING.
  4647 | D:3      | 4647 ||| FLEEEEING.
  4648 | D:3      | 4648 ||| FLEEEEING.
  4649 | D:3      | 4649 ||| FLEEEEING.
  4650 | D:3      | 4650 ||| FLEEEEING.
  4653 | D:3      | 4653 ||| Stepping ~*~*~tactically~*~*~ (hiding).
  4655 | D:3      | 4655 ||| Stepping ~*~*~tactically~*~*~ (hiding).
  4784 | D:3      | Noticed Ijyb
  4785 | D:3      | 4785 ||| Stepping ~*~*~tactically~*~*~ (hiding).
  4786 | D:3      | 4786 ||| Stepping ~*~*~tactically~*~*~ (hiding).
  4796 | D:3      | Killed Ijyb
  4797 | D:3      | Reached XP level 6. HP: 28/37 MP: 6/6
  4962 | D:3      | HP: 6/37 [orc priest/divine providence (12)]
  4963 | D:3      | 4963 ||| READING scroll of teleportation.
  4965 | D:3      | HP: 2/37 [orc priest/+0 club (4)]
  4977 | D:3      | 4977 ||| FLEEEEING.
  5393 | D:3      | Reached skill level 3 in Armour
  5393 | D:3      | 5393 ||| FLEEEEING.
  5394 | D:3      | 5394 ||| FLEEEEING.
  5395 | D:3      | 5395 ||| FLEEEEING.
  5396 | D:3      | 5396 ||| FLEEEEING.
  5398 | D:3      | 5398 ||| FLEEEEING.
  5399 | D:3      | 5399 ||| FLEEEEING.
  5400 | D:3      | 5400 ||| FLEEEEING.
  5401 | D:3      | 5401 ||| FLEEEEING.
  5402 | D:3      | 5402 ||| STAIRDANCE
  5448 | D:2      | 5448 ||| READING 3 scrolls labelled RAKINUATSEP.
  5449 | D:2      | 5449 ||| DRINKING 2 brown potions.
  5450 | D:2      | 5450 ||| DRINKING 2 puce potions.
  5451 | D:2      | 5451 ||| READING 2 scrolls of identify.
  5451 | D:2      | 5451 ||| IDENTIFYING blue potion
  5452 | D:2      | 5452 ||| DROPPING potion of flight.
  5453 | D:2      | 5453 ||| DROPPING 2 scrolls of amnesia.
  5486 | D:3      | 5486 ||| Stepping ~*~*~tactically~*~*~ (hiding).
  5733 | D:4      | 5733 ||| Stepping ~*~*~tactically~*~*~ (stealth).
  5744 | D:4      | 5744 ||| Stepping ~*~*~tactically~*~*~ (stealth).
  5782 | D:4      | 5782 ||| Stepping ~*~*~tactically~*~*~ (stealth).
  5900 | D:4      | HP: 5/38 [ogre/+0 giant club (14)]
  5901 | D:4      | Mangled by an ogre

Levels and vault maps discovered:
D:1:      dpeg_arrival_oval, layout_basic
D:2:      minmay_chambers_of_ones, layout_loops_ring, uniq_robin
D:3:      kennysheep_goblin_castle, layout_loops_ring, basic_ecumenical_altar
D:4:      cheibrodos_old_hovel, layout_basic, lemuel_tele_altar,
          roderic_batcave, minmay_unequal
D:5:      layout_basic, mainiacjoe_overflow_surrounded_room, minmay_pentangle,
          uniq_duvessa

Skill      XL: |  1  2  3  4  5  6 |
---------------+-------------------+-----
Axes           | 3 4 5 |  5.0
Armour         | 1 2 3 |  3.0
Fighting       | |  3.9
Dodging        | |  1.5
Stealth        | |  5.4

Action                   |  1- 3 |  4- 6 || total
-------------------------+-------+-------++-------
Melee: Hand axe          |    64 |   242 ||   306
       Broad axe         |       |    74 ||    74
       Punch             |       |     1 ||     1
Throw: Boomerang         |       |    31 ||    31
  Use: Scroll            |       |    11 ||    11
       Potion            |       |     3 ||     3
Armor: Leather armour    |    40 |    12 ||    52
       Chain mail        |       |   153 ||   153
Dodge: Dodged            |    52 |    95 ||   147

Table legend:
 A = Non-vault XP
 B = Vault XP
 C = Vault XP percentage of total XP
 D = Non-vault monster count
 E = Vault monster count
 F = Vault count percentage of total count
                 A         B        C        D         E       F
            +---------+---------+-------+---------+---------+-------
      Total |     249 |     179 |  41.8 |      64 |      35 |  35.4
            +---------+---------+-------+---------+---------+-------
        D:1 |      17 |       0 |   0.0 |      11 |       0 |   0.0
        D:2 |      86 |      39 |  31.2 |      27 |      12 |  30.8
        D:3 |      91 |      61 |  40.1 |      20 |      12 |  37.5
        D:4 |      55 |      79 |  59.0 |       6 |      11 |  64.7
            +---------+---------+-------+---------+---------+-------
